 Dungeon Crawl Stone Soup version 0.17.0-28-g6e173f8 (webtiles) character file.

191 PossumBlood the Covered (level 5, -3/47 HPs)
             Began as a Minotaur Fighter on Nov 24, 2015.
             Splashed by a jelly's acid (10 damage)
             ... on level 3 of the Dungeon.
             The game lasted 00:06:48 (1799 turns).

PossumBlood the Covered (Minotaur Fighter)          Turns: 1799, Time: 00:06:48

Health: -3/47      AC:  0    Str: 27    XL:     5   Next: 42%
Magic:  4/4        EV:  8    Int:  5    God:
Gold:   137        SH: 11    Dex:  9    Spells: 0 memorised, 4 levels left

rFire  . . .     SeeInvis .     a - +1 long sword
rCold  . . .     Clarity  .     b - +0 scale mail
rNeg   . . .     SustAt   .     c - +1 shield
rPois  .         Gourm    .     (helmet restricted)
rElec  .         Spirit   .     (no cloak)
rCorr  .         Warding  .     (no gloves)
rMut   .         Stasis   .     (no boots)
MR     .....                    (no amulet)
Stlth  ..........               (no ring)
                                (no ring)

@: mighty, lethally poisoned (-3 -> -7), corroded equipment, not resistant to
hostile enchantments, extremely unstealthy
A: retaliatory headbutt, horns 2
a: no special abilities


You were on level 3 of the Dungeon.
You were very hungry.

You visited 1 branch of the dungeon, and saw 3 of its levels.

You collected 137 gold pieces.

Inventory:

Hand Weapons
 a - a +1 long sword (weapon)
 n - a +1 dagger of speed
Armour
 b - a +0 scale mail (worn)
 c - a +1 shield (worn)
Jewellery
 f - an uncursed ring of wizardry {unknown}
Scrolls
 i - 4 scrolls of remove curse
 j - a scroll of teleportation
Potions
 g - a potion of brilliance {unknown}
 k - a potion of invisibility {unknown}
Books
 l - a book of Annihilations

   Spells                             Type                      Level
   a - Poison Arrow                   Conjuration/Poison           6
   b - Chain Lightning                Conjuration/Air              8
   c - Lehudib's Crystal Spear        Conjuration/Earth            8
   d - Glaciate                       Conjuration/Ice              9
   e - Fire Storm                     Conjuration/Fire             9
Comestibles
 e - 2 bread rations
 h - 2 fruits


   Skills:
 + Level 4.8 Fighting
 + Level 3.4 Long Blades
 + Level 5.0 Armour
 + Level 1.4 Dodging
 + Level 0.3 Stealth
 + Level 4.6 Shields


You had 4 spell levels left.
You didn't know any spells.

Dungeon Overview and Level Annotations

Branches:
Dungeon (3/15)

Altars:


Innate Abilities, Weirdness & Mutations

You reflexively headbutt those who attack you in melee.
You have a pair of horns on your head.


Message History

You kill the adder!
You feel sick.
You slash the jelly!
Your hands burn!
The jelly is lightly wounded.
You hear a slurping noise.
The jelly hits you but does no damage. The jelly closely misses you.
You slash the jelly! The acid corrodes you!
Your hands burn!
You headbutt the jelly.
The jelly is moderately wounded.
You feel sick. The jelly hits you.
You are splashed with acid!
The acid burns!
* * * LOW HITPOINT WARNING * * *
You are too injured to fight recklessly!
You are too injured to fight recklessly!
You are too injured to fight recklessly!
Drink which item? (? for menu, Esc to quit)
You feel very mighty all of a sudden.
You feel sick. The jelly hits you.
* * * LOW HITPOINT WARNING * * *
You are splashed with acid!
The acid corrodes you!
The acid burns!
You die...

(.........# ###
##........# #..
#........######..
#................
#................
#................
#................
#.#.####................
.....oJ@.............†..
.....o##.......#....#...
..... #.......#....#.##
.... #.......####.#.#
... ######### #.#.# ..
#.#.# . #.#.## +######
#.#... ........#
#..#.#...


You could see a jelly and 2 orcs.

Vanquished Creatures
  Ijyb (D:2)
  An orc priest (D:3)
  6 adders
  An ooze (D:2)
  2 worms (D:2)
  A giant gecko (D:1)
  6 orcs (D:3)
  5 giant cockroaches
  6 goblins
  7 hobgoblins
  A jackal (D:1)
  11 kobolds
  2 quokkas (D:3)
  2 ball pythons
  8 bats
  4 giant newts
  2 rats
66 creatures vanquished.

Notes
Turn   | Place    | Note
--------------------------------------------------------------
     0 | D:1      | PossumBlood the Minotaur Fighter began the quest for the Orb.
     0 | D:1      | Reached XP level 1. HP: 19/19 MP: 0/0
     3 | D:1      | Noticed an electric eel
     3 | D:1      | Noticed an electric eel
   159 | D:1      | Reached XP level 2. HP: 27/27 MP: 1/1
   364 | D:1      | Reached skill level 4 in Armour
   749 | D:2      | Noticed Ijyb
   760 | D:2      | Killed Ijyb
   760 | D:2      | Reached XP level 3. HP: 31/33 MP: 2/2
  1004 | D:2      | Reached XP level 4. HP: 31/40 MP: 3/3
  1431 | D:3      | Reached skill level 1 in Dodging
  1647 | D:3      | Reached XP level 5. HP: 47/47 MP: 4/4
  1657 | D:3      | Reached skill level 5 in Armour
  1799 | D:3      | Splashed by a jelly's acid

Action                   |  1- 3 |  4- 6 || total
-------------------------+-------+-------++-------
Melee: Long sword        |    83 |   101 ||   184
  Use: Scroll            |     3 |     5 ||     8
       Potion            |     1 |     1 ||     2
  Eat: Fruit             |       |     2 ||     2
